 Dungeon Crawl Stone Soup version 0.30.0-5-g1a98f26d00 (webtiles) character file.

Game seed: 6896205896811110897

25 SnakkuSnakku7 the Sneak (level 2, 0/21 HPs)
             Began as a Vampire Hedge Wizard on May 12, 2023.
             Slain by an adder (3 damage)
             ... on level 2 of the Dungeon.
             The game lasted 00:01:35 (650 turns).

SnakkuSnakku7 the Sneak (Vampire Hedge Wizard)       Turns: 650, Time: 00:01:37

Health: 0/21       AC:  2    Str:  9    XL:     2   Next: 82%
Magic:  6/6        EV: 12    Int: 16    God:
Gold:   54         SH:  0    Dex: 13    Spells: 6/7 levels left

rFire   . . .        g - +0 mace (protect)
rCold   . . .        i - orb {*Rage}
rNeg    . . .        b - +0 robe
rPois   .            c - +0 hat
rElec   .            (no cloak)
rCorr   .            (no gloves)
SInv    +            (no boots)
Will    .....        (no amulet)
Stlth   ++           (no ring)
HPRegen 0.43/turn    (no ring)
MPRegen 0.10/turn

%: random rage (20%)
@: lethally poisoned (0 -> 0), on berserk cooldown, healing quickly, slowed,
very slow
A: alive, fangs 3, see invisible, vampiric 1
a: Exsanguinate


You were on level 2 of the Dungeon.
You visited 1 branch of the dungeon, and saw 2 of its levels.

You collected 54 gold pieces.

Inventory:

Hand Weapons
 a - a +0 dagger
 g - a +0 mace of protection (weapon)
Armour
 b - a +0 robe (worn)
 c - a +0 hat (worn)
 i - an orb of wrath (worn)
Scrolls
 f - a scroll of identify {unknown}
 h - a scroll of amnesia {unknown}
Potions
 d - a potion of magic
 e - a potion of heal wounds {unknown}


   Skills:
 + Level 1.4 Fighting
 - Level 2.1 Dodging
 - Level 3.0 Stealth
 + Level 1.9 Unarmed Combat
 - Level 3.0 Spellcasting
 - Level 0.6 Conjurations
 - Level 1.0 Summonings
 - Level 0.7 Translocations


You had 6 spell levels left.
You knew the following spells:

 Your Spells              Type           Power      Damage    Failure   Level
a - Magic Dart            Conj           16%        1d3       14%         1

Your spell library contained the following spells:

 Spells                   Type           Power      Damage    Failure   Level
 Slow                     Hex            8%         N/A       19%         1
 Call Imp                 Summ           10%        N/A       19%         2
 Blink                    Tloc           8%         N/A       22%         2
 Cigotuvi's Dreadful Rot  Necr/Pois/Air  4%         N/A       28%         2
 Mephitic Cloud           Conj/Pois/Air  3%         N/A       45%         3


Dungeon Overview and Level Annotations

Branches:
Dungeon (2/15)

Altars:


Innate Abilities, Weirdness & Mutations

Your natural rate of healing is accelerated.
You have razor-sharp teeth.
You have supernaturally acute eyesight. (SInv)
You are afflicted with vampirism.


Message History

You feel a strong urge to attack something.
You feel your anger nearly subside.
You are no longer berserk.
You are exhausted.
You feel yourself slow down.
The adder hisses angrily.
You hit the adder but do no damage. The adder bites you but does no damage.
The adder misses you. The adder closely misses you.
You miss the adder. The adder completely misses you.
The adder bites you but does no damage. The adder closely misses you.
You miss the adder. The adder closely misses you. The adder misses you.
You hit the adder.
Your weapon exudes an aura of protection.
The adder is lightly wounded.
The adder bites you. The adder bites you but does no damage.
The adder misses you.
You completely miss the adder.
The adder is lightly wounded.
The adder bites you. x2
You are poisoned.
The adder poisons you! The adder barely misses you.
You hit the adder but do no damage.
Your weapon exudes an aura of protection.
The adder is lightly wounded.
You feel very sick. The adder bites you. The adder barely misses you.
You barely miss the adder.
The adder is lightly wounded.
You feel sick.
You are no longer poisoned.
The adder barely misses you. x2; The adder bites you.
* * * LOW HITPOINT WARNING * * *
You are poisoned.
The adder poisons you!
You barely miss the adder.
The adder is lightly wounded.
You feel very sick. The adder bites you.
* * * LOW HITPOINT WARNING * * *
The adder bites you.
You die...

####### #
##.....#..
##.........
#.<.....!..
#..........
#.†........
#?.........
#..........
#@.........
#S#.....#..
#...<.#####
#.##### ..#
.## .. .#


You could see an adder.

Vanquished Creatures
  4 endoplasms
  A giant cockroach (D:1)
  A goblin (D:1)
  3 hobgoblins (D:1)
  A quokka (D:1)
  2 ball pythons (D:1)
  5 bats
  3 frilled lizards (D:1)
  2 kobolds (D:1)
  A rat (D:1)
23 creatures vanquished.

Notes
Turn   | Place    | Note
-------+----------+-------------------------------------------
     0 | D:1      | SnakkuSnakku7 the Vampire Hedge Wizard began the quest for
                  | the Orb.
     0 | D:1      | Reached XP level 1. HP: 13/13 MP: 4/4
   183 | D:1      | Reached skill level 1 in Unarmed Combat
   236 | D:1      | Reached XP level 2. HP: 20/20 MP: 6/6
   257 | D:1      | Reached skill level 1 in Fighting
   650 | D:2      | Slain by an adder

Illustrated notes

Levels and vault maps discovered:
D:1:      dpeg_arrival_prison, layout_basic
D:2:      layout_rooms, uniq_terence, uniq_natasha

Skill      XL: |  1  2 |
---------------+-------+-----
Unarmed Combat | 1 |  1.9
Fighting       | 1 |  1.4
Dodging        | |  2.1
Stealth        | |  3.0
Spellcasting   | |  3.0
Conjurations   | |  0.6
Summonings     | |  1.0
Translocations | |  0.7

Action                     || total
---------------------------++-------
  Melee: Dagger            ||    29
         Bite              ||     8
         Punch             ||     2
         Mace              ||    25
         Unarmed           ||    24
   Stab: Sleeping          ||     6
 Armour: Robe              ||    19
  Dodge: Dodged            ||    65
